SAA
LANCASTER FARMERS @ ATHLETIC CLUB KC ACADEMY
09/13/2032
 
TOP OF THE 1ST
Lancaster Farmers batting - Pitching for Athletic Club KC Academy : LHP Ben Skelton
Pitching: LHP Ben Skelton
Batting: RHB José Xirau 0-0: SINGLE (Flyball, 9LS)
Batting: RHB Jesús Herrera 0-0: Ball
1-0: Swinging Strike
1-1: Foul Ball, location: 2F
1-2: SINGLE (Line Drive, 8LS)
José Xirau to second
Runner from 2nd tries for 3rd, SAFE, no throw
Batting: RHB Hsi-men King 0-0: Foul Ball, location: 2F
0-1: Ball
1-1: Foul Ball, location: 2F
1-2: Fielders Choice at 2nd, 3-6 (Groundball, 34)
José Xirau scores
Batting: RHB Bobson Dugnutt 0-0: Ball
1-0: Ball
2-0: Grounds into double play, 1-6-3 (Groundball, P)
Top of the 1st over - 1 run, 2 hits, 0 errors, 0 left on base; Lancaster 1 - Athletic Club KC Academy 0
BOTTOM OF THE 1ST
Athletic Club KC Academy batting - Pitching for Lancaster Farmers : RHP Daron Muldoon
Pitching: RHP Daron Muldoon
Batting: LHB Chi-hun Chong 0-0: Called Strike
0-1: Ball
1-1: Ball
2-1: SINGLE (Groundball, 34D)
Batting: RHB Troy Whitehurst 0-0: Called Strike
0-1: Foul Ball, location: 2F
0-2: Strikes out swinging
Batting: RHB Colin Bottone 0-0: Called Strike
0-1: Foul Ball, location: 2F
0-2: SINGLE (Line Drive, 7S)
Chi-hun Chong to second
Batting: RHB Abeni Mbanefo 0-0: Ball
1-0: Ball
2-0: Fly out, F7 (Flyball, 7D)
Runner from 2nd tags up, SAFE at 3rd, no throw
Batting: SHB Ijsbrand van Hoogewegen 0-0: Ball
1-0: Called Strike
1-1: Ball
2-1: Ball
3-1: Called Strike
3-2: Ground out 6-3 (Groundball, 6M)
Bottom of the 1st over - 0 runs, 2 hits, 0 errors, 2 left on base; Lancaster 1 - Athletic Club KC Academy 0
TOP OF THE 2ND
Lancaster Farmers batting - Pitching for Athletic Club KC Academy : LHP Ben Skelton
Batting: RHB Marcel Roks 0-0: Fly out, F5 (Line Drive, 56)
Batting: RHB Ramón Soto 0-0: Ball
1-0: Called Strike
1-1: Fly out, F6 (Line Drive, 6)
Batting: LHB Tullu Amaad 0-0: Ground out U3 (Groundball, 3)
Top of the 2nd over - 0 runs, 0 hits, 0 errors, 0 left on base; Lancaster 1 - Athletic Club KC Academy 0
BOTTOM OF THE 2ND
Athletic Club KC Academy batting - Pitching for Lancaster Farmers : RHP Daron Muldoon
Batting: RHB Dewey Nauss 0-0: Ball
1-0: Foul Ball, location: 2F
1-1: Foul Ball, location: 2F
1-2: Foul Ball, location: 2F
1-2: Strikes out swinging
Batting: LHB Luis Miguel González 0-0: SINGLE (Groundball, 25) (infield hit)
Batting: RHB Francisco Vigil 0-0: Ball
1-0: Called Strike
1-1: DOUBLE (Line Drive, 5D)
Luis Miguel González to third
Runner from 3rd tries for Home, throw and OUT!
Batting: RHB Leonardo Hernández 0-0: Called Strike
0-1: Called Strike
0-2: Ball
1-2: Foul Ball, location: 2F
1-2: SINGLE (Line Drive, 7S)
Francisco Vigil to third
Runner from 3rd tries for Home, SAFE, no throw
Batting: LHB Chi-hun Chong 0-0: Ball
1-0: Swinging Strike
1-1: SINGLE (Groundball, 6MS) (infield hit)
Leonardo Hernández to second
Batting: RHB Troy Whitehurst 0-0: Ball
1-0: Foul Ball, location: 2F
1-1: Ball
2-1: Ball
3-1: Swinging Strike
3-2: Strikes out swinging
Bottom of the 2nd over - 1 run, 4 hits, 0 errors, 2 left on base; Lancaster 1 - Athletic Club KC Academy 1
TOP OF THE 3RD
Lancaster Farmers batting - Pitching for Athletic Club KC Academy : LHP Ben Skelton
Batting: LHB Katsunan Taketo 0-0: Ball
1-0: Foul Ball, location: 2F
1-1: Called Strike
1-2: Ball
2-2: Ball
3-2: Fly out, F8 (Flyball, 8RD)
Batting: RHB Min-tae Yi 0-0: Swinging Strike
0-1: Ball
1-1: Ground out 6-3 (Groundball, 56)
Batting: RHB José Xirau 0-0: Ball
1-0: Ground out 5-3 (Groundball, 56S)
Top of the 3rd over - 0 runs, 0 hits, 0 errors, 0 left on base; Lancaster 1 - Athletic Club KC Academy 1
BOTTOM OF THE 3RD
Athletic Club KC Academy batting - Pitching for Lancaster Farmers : RHP Daron Muldoon
Batting: RHB Colin Bottone 0-0: Ball
1-0: Ball
2-0: Called Strike
2-1: Foul Ball, location: 2F
2-2: Strikes out swinging
Batting: RHB Abeni Mbanefo 0-0: Ball
1-0: Ground out 1-3 (Groundball, 13)
Batting: SHB Ijsbrand van Hoogewegen 0-0: Fly out, F3 (Popup, 3)
Bottom of the 3rd over - 0 runs, 0 hits, 0 errors, 0 left on base; Lancaster 1 - Athletic Club KC Academy 1
TOP OF THE 4TH
Lancaster Farmers batting - Pitching for Athletic Club KC Academy : LHP Ben Skelton
Batting: RHB Jesús Herrera 0-0: Ball
1-0: Foul Ball, location: 2F
1-1: Ground out 6-3 (Groundball, 6)
Batting: RHB Hsi-men King 0-0: Ball
1-0: Ground out 5-3 (Groundball, 56)
Batting: RHB Bobson Dugnutt 0-0: Ball
1-0: DOUBLE (Line Drive, 9LM)
Batting: RHB Marcel Roks 0-0: Foul Ball, location: 2F
0-1: Called Strike
0-2: Ball
1-2: Fly out, F5 (Line Drive, 56)
Top of the 4th over - 0 runs, 1 hit, 0 errors, 1 left on base; Lancaster 1 - Athletic Club KC Academy 1
BOTTOM OF THE 4TH
Athletic Club KC Academy batting - Pitching for Lancaster Farmers : RHP Daron Muldoon
Batting: RHB Dewey Nauss 0-0: Ball
1-0: Foul Ball, location: 2F
1-1: Foul Ball, location: 2F
1-2: SINGLE (Line Drive, 78M)
Batting: LHB Luis Miguel González 0-0: Ball
1-0: Ball
2-0: Called Strike
2-1: Ball
3-1: Grounds into double play, 5-4-3 (Groundball, 56)
Batting: RHB Francisco Vigil 0-0: Ball
1-0: Swinging Strike
1-1: Ball
2-1: Swinging Strike
2-2: Ball
3-2: Foul Ball, location: 2F
3-2: Base on Balls
Batting: RHB Leonardo Hernández 0-0: Ball
1-0: DOUBLE (Groundball, 5L)
Francisco Vigil to third
Batting: LHB Chi-hun Chong 0-0: Ball
1-0: Foul Ball, location: 2F
1-1: Ball
2-1: Foul Ball, location: 2F
2-2: Foul Ball, location: 2F
2-2: Ball
3-2: Base on Balls
Batting: RHB Troy Whitehurst 0-0: Called Strike
0-1: Called Strike
0-2: Ball
1-2: Foul Ball, location: 2F
1-2: Ball
2-2: SINGLE (Groundball, 56D)
Francisco Vigil scores
Leonardo Hernández to third
Chi-hun Chong to second
Runner from 3rd tries for Home, SAFE, no throw
Batting: RHB Colin Bottone 0-0: Fly out, F2 (Popup, 2LF)
Bottom of the 4th over - 2 runs, 3 hits, 0 errors, 2 left on base; Lancaster 1 - Athletic Club KC Academy 3
TOP OF THE 5TH
Lancaster Farmers batting - Pitching for Athletic Club KC Academy : LHP Ben Skelton
Batting: RHB Ramón Soto 0-0: Called Strike
0-1: Ball
1-1: Called Strike
1-2: DOUBLE (Flyball, 9LD)
Batting: LHB Tullu Amaad 0-0: SINGLE (Line Drive, 34)
Ramón Soto to third
Runner from 3rd tries for Home, SAFE, no throw
Batting: LHB Katsunan Taketo 0-0: Sac Bunt - play at first, batter OUT! 1-3
Tullu Amaad to second
Batting: RHB Min-tae Yi 0-0: Ball
1-0: Ground out 5-3 (Groundball, 56S)
Tullu Amaad to third
Batting: RHB José Xirau 0-0: Called Strike
0-1: Swinging Strike
0-2: Foul Ball, location: 2F
0-2: Foul Ball, location: 2F
0-2: Fly out, F7 (Flyball, 7LM)
Top of the 5th over - 1 run, 2 hits, 0 errors, 1 left on base; Lancaster 2 - Athletic Club KC Academy 3
BOTTOM OF THE 5TH
Athletic Club KC Academy batting - Pitching for Lancaster Farmers : RHP Daron Muldoon
Batting: RHB Abeni Mbanefo 0-0: Ground out 6-3 (Groundball, 6)
Batting: SHB Ijsbrand van Hoogewegen 0-0: Ball
1-0: Ball
2-0: Called Strike
2-1: Foul Ball, location: 2F
2-2: Fly out, F6 (Line Drive, 6M)
Batting: RHB Dewey Nauss 0-0: Foul Ball, location: 2F
0-1: SINGLE (Flyball, 78M)
Batting: LHB Luis Miguel González 0-0: Foul Ball, location: 2F
0-1: Foul Ball, location: 2F
0-2: SINGLE (Groundball, 34D)
Dewey Nauss to second
Runner from 2nd tries for 3rd, OUT!
Bottom of the 5th over - 0 runs, 2 hits, 0 errors, 1 left on base; Lancaster 2 - Athletic Club KC Academy 3
TOP OF THE 6TH
Lancaster Farmers batting - Pitching for Athletic Club KC Academy : LHP Ben Skelton
Batting: RHB Jesús Herrera 0-0: Ball
1-0: Ball
2-0: Fly out, F9 (Flyball, 9LD)
Batting: RHB Hsi-men King 0-0: Called Strike
0-1: Ground out 4-3 (Groundball, 4)
Batting: RHB Bobson Dugnutt 0-0: Ball
1-0: SOLO HOME RUN (Line Drive, 7D), Distance : 374 ft
Batting: RHB Marcel Roks 0-0: Foul Ball, location: 2F
0-1: Ball
1-1: Fly out, F8 (Flyball, 89D)
Top of the 6th over - 1 run, 1 hit, 0 errors, 0 left on base; Lancaster 3 - Athletic Club KC Academy 3
BOTTOM OF THE 6TH
Athletic Club KC Academy batting - Pitching for Lancaster Farmers : RHP Daron Muldoon
Batting: RHB Francisco Vigil 0-0: Ball
1-0: Ball
2-0: Called Strike
2-1: Foul Ball, location: 2F
2-2: Foul Ball, location: 2F
2-2: Foul Ball, location: 2F
2-2: SINGLE (Flyball, 78S)
Batting: RHB Leonardo Hernández 0-0: Grounds into double play, 6-4-3 (Groundball, 6)
Batting: LHB Chi-hun Chong 0-0: Ball
1-0: Ball
2-0: Called Strike
2-1: Called Strike
2-2: Ball
3-2: Foul Ball, location: 2F
3-2: Base on Balls
Batting: RHB Troy Whitehurst 0-0: Ball
1-0: Ball
2-0: Called Strike
2-1: Ball
3-1: Called Strike
3-2: Strikes out swinging
Bottom of the 6th over - 0 runs, 1 hit, 0 errors, 1 left on base; Lancaster 3 - Athletic Club KC Academy 3
TOP OF THE 7TH
Lancaster Farmers batting - Pitching for Athletic Club KC Academy : LHP Ben Skelton
Batting: RHB Ramón Soto 0-0: Called Strike
0-1: Foul Ball, location: 2F
0-2: Ball
1-2: Fly out, F6 (Popup, 4MD)
Batting: LHB Tullu Amaad 0-0: Called Strike
0-1: Ball
1-1: Ball
2-1: Ground out U3 (Groundball, 34)
Batting: LHB Katsunan Taketo 0-0: Foul Ball, location: 2F
0-1: Foul Ball, location: 2F
0-2: Foul Ball, location: 2F
0-2: Strikes out swinging
Top of the 7th over - 0 runs, 0 hits, 0 errors, 0 left on base; Lancaster 3 - Athletic Club KC Academy 3
BOTTOM OF THE 7TH
Athletic Club KC Academy batting - Pitching for Lancaster Farmers : RHP Daron Muldoon
Batting: RHB Colin Bottone 0-0: Ball
1-0: Called Strike
1-1: Foul Ball, location: 2F
1-2: Ball
2-2: Foul Ball, location: 2F
2-2: Fly out, F8 (Flyball, 8RD)
Batting: RHB Abeni Mbanefo 0-0: Hit by Pitch
Pitching: RHP Tim Sandaele
Batting: SHB Ijsbrand van Hoogewegen 0-0: Ball
1-0: Fly out, F9 (Flyball, 89S)
Batting: RHB Dewey Nauss 0-0: Ball
1-0: Called Strike
1-1: Called Strike
1-2: Ball
2-2: Foul Ball, location: 2F
2-2: Strikes out swinging
Bottom of the 7th over - 0 runs, 0 hits, 0 errors, 1 left on base; Lancaster 3 - Athletic Club KC Academy 3
TOP OF THE 8TH
Lancaster Farmers batting - Pitching for Athletic Club KC Academy : LHP Ben Skelton
Batting: RHB Min-tae Yi 0-0: Foul Ball, location: 2F
0-1: SINGLE (Groundball, 34S) (infield hit)
Batting: RHB José Xirau 0-0: Bunted foul
0-1: Sac Bunt - play at first, batter OUT! 1-4
Min-tae Yi to second
Batting: RHB Jesús Herrera 0-0: Swinging Strike
0-1: Foul Ball, location: 2F
0-2: Ball
1-2: Foul Ball, location: 2F
1-2: Ball
2-2: Fly out, F9 (Flyball, 89S)
Batting: RHB Hsi-men King 0-0: SINGLE (Flyball, 89S) - OUT at second base trying to stretch hit.
Min-tae Yi scores
Top of the 8th over - 1 run, 2 hits, 0 errors, 0 left on base; Lancaster 4 - Athletic Club KC Academy 3
BOTTOM OF THE 8TH
Athletic Club KC Academy batting - Pitching for Lancaster Farmers : RHP Tim Sandaele
Batting: LHB Luis Miguel González 0-0: Called Strike
0-1: Ball
1-1: Ground out 1-3 (Groundball, P)
Batting: RHB Francisco Vigil 0-0: Called Strike
0-1: Foul Ball, location: 2F
0-2: Ball
1-2: SINGLE (Line Drive, 78S)
Batting: RHB Leonardo Hernández 0-0: Ball
1-0: Called Strike
1-1: Foul Ball, location: 2F
1-2: Foul Ball, location: 2F
1-2: Foul Ball, location: 2F
1-2: Strikes out swinging
Batting: LHB Chi-hun Chong 0-0: Ball
1-0: Called Strike
1-1: Ball
2-1: Ball
3-1: Swinging Strike
3-2: Foul Ball, location: 2F
3-2: Base on Balls
Francisco Vigil to second
Batting: RHB Troy Whitehurst 0-0: Called Strike
0-1: Ground out 3-1 (Groundball, 34)
Bottom of the 8th over - 0 runs, 1 hit, 0 errors, 2 left on base; Lancaster 4 - Athletic Club KC Academy 3
TOP OF THE 9TH
Lancaster Farmers batting - Pitching for Athletic Club KC Academy : LHP Ben Skelton
Pitching: RHP León Marinero
Batting: RHB Bobson Dugnutt 0-0: Foul Ball, location: 2F
0-1: Foul Ball, location: 2F
0-2: Foul Ball, location: 2F
0-2: Ball
1-2: Ball
2-2: Ground out U3 (Groundball, 34S)
Batting: RHB Marcel Roks 0-0: Called Strike
0-1: Ball
1-1: Ball
2-1: SINGLE (Line Drive, 6MD)
Batting: RHB Ramón Soto 0-0: Fielders Choice at 2nd, 6-4 (Groundball, 6M)
Batting: LHB Tullu Amaad 0-0: Ball
1-0: Ball
2-0: Foul Ball, location: 2F
2-1: Foul Ball, location: 2F
2-2: Foul Ball, location: 2F
2-2: Strikes out swinging
Top of the 9th over - 0 runs, 1 hit, 0 errors, 1 left on base; Lancaster 4 - Athletic Club KC Academy 3
BOTTOM OF THE 9TH
Athletic Club KC Academy batting - Pitching for Lancaster Farmers : RHP Tim Sandaele
Pitching: LHP Mannus Dijkman
Batting: RHB Colin Bottone 0-0: Ground out 5-3 (Groundball, 56)
Batting: RHB Abeni Mbanefo 0-0: Ball
1-0: Swinging Strike
1-1: Called Strike
1-2: Ball
2-2: Foul Ball, location: 2F
2-2: Strikes out swinging
Batting: SHB Ijsbrand van Hoogewegen 0-0: Ball
1-0: Called Strike
1-1: Swinging Strike
1-2: Strikes out looking
Bottom of the 9th over - 0 runs, 0 hits, 0 errors, 0 left on base; Lancaster 4 - Athletic Club KC Academy 3
Wednesday, September 19th, 2018 - OOTP Baseball 18.8 Build 76